Map: Dusk Towers

Players

HuK

  • Race: Protoss Protoss
  • League: Grandmaster

Destiny - Winner!

  • Race: Zerg Zerg
  • League: Grandmaster

Event: Root's WW3

VOD

Have the link to the VOD?

Description

Time

  • Played on: Dec. 11, 2015, 6:56 a.m.
  • Length: 19:13

All games in this series

Show
View Real Time Build Order
Export as new Build Order

HuK Protoss 

Build Orders: Nexus First 

Get SALT Encoding   

  12  0:01  Probe (Chrono Boost)  
  13  0:11  Probe (Chrono Boost)  
  14  0:20  Pylon  
  14  0:22  Probe (Chrono Boost)  
  15  0:38  Probe (Chrono Boost)  
  16  0:49  Probe (Chrono Boost)  
  17  0:58  Nexus  
  17  1:08  Gateway  
  17  1:10  Probe (Chrono Boost)  
  18  1:17  Assimilator  
  18  1:21  Probe (Chrono Boost)  
  18  1:25  Assimilator  
  19  1:32  Probe (Chrono Boost)  
  20  1:37  Gateway  
  20  1:45  Probe (Chrono Boost)  
  21  1:56  Probe (Chrono Boost)  
  21  1:58  Cybernetics Core  
  21  2:01  Pylon  
  22  2:06  Probe (Chrono Boost)  
  23  2:11  Probe (Chrono Boost)  
  24  2:17  Probe (Chrono Boost)  
  24  2:22  Probe (Chrono Boost)  
  26  2:27  Probe (Chrono Boost)  
  27  2:32  Probe (Chrono Boost)  
  27  2:34  Adept x2 (Chrono Boost)  
  27  2:35  Warp Gate  
  32  2:38  Probe  
  33  2:44  Twilight Council  
  33  2:46  Probe (Chrono Boost)  
  33  2:50  Probe (Chrono Boost)  
  35  2:53  Pylon  
  35  2:58  Probe (Chrono Boost)  
  36  3:02  Probe (Chrono Boost)  
  37  3:08  Robotics Facility  
  37  3:13  Probe x2 (Chrono Boost)  
  37  3:14  Resonating Glaives (Chrono Boost)  
  39  3:24  Probe  
  40  3:29  Sentry  
  42  3:36  Probe  
  42  3:37  Probe  
  42  3:39  Pylon  
  44  3:48  Gateway  
  44  3:49  Mothership Core  
  44  3:50  Gateway  
  44  3:51  Gateway  
  46  3:56  Warp Prism (Chrono Boost)  
  48  4:04  Gateway  
  48  4:07  Gateway  
  48  4:08  Probe  
  49  4:14  Probe  
  50  4:20  Probe  
  50  4:22  Assimilator  
  50  4:23  Pylon  
  51  4:24  Pylon  
  51  4:29  Probe  
  52  4:34  Observer (Chrono Boost)  
  53  4:43  Probe x2  
  55  4:47  Assimilator  
  55  4:53  Pylon  
  55  4:54  Pylon  
  55  4:55  Probe  
  56  5:00  Adept x5  
  56  5:01  Adept  
  68  5:17  Probe  
  69  5:26  Probe  
  62  5:30  Adept x3  
  62  5:31  Adept x3  
  62  5:32  Immortal (Chrono Boost)  
  58  5:50  Probe  
  58  5:53  Nexus  
  58  5:56  Sentry x2  
  58  5:57  Sentry, Forge  
  63  6:02  Adept x4  
  75  6:16  Probe  
  75  6:17  Warp Prism (Chrono Boost)  
  76  6:21  Blink  
  76  6:22  Probe  
  75  6:28  Pylon  
  75  6:30  Protoss Ground Weapons Level 1 (Chrono Boost)  
  75  6:32  Assimilator  
  75  6:33  Robotics Bay  
  75  6:35  Probe x2  
  75  6:36  Assimilator  
  77  6:48  Probe  
  77  6:52  Stargate  
  77  6:53  Pylon  
  78  7:02  Probe  
  78  7:06  Stargate  
  79  7:09  Probe  
  79  7:12  Photon Cannon  
  80  7:15  Photon Cannon  
  80  7:16  Photon Cannon  
  80  7:18  Photon Cannon  
  80  7:20  Probe, Pylon  
  80  7:26  Probe  
  80  7:28  Probe  
  82  7:32  Probe  
  83  7:37  Phoenix (Chrono Boost)  
  85  7:50  Phoenix (Chrono Boost)  
  83  7:52  Disruptor  
  83  7:53  Fleet Beacon  
  83  7:55  Probe  
  83  7:56  Probe x2  
  87  8:01  Phoenix (Chrono Boost)  
  87  8:02  Photon Cannon  
  89  8:11  Phoenix (Chrono Boost)  
  89  8:20  Phoenix (Chrono Boost)  
  89  8:22  Stalker x5, Protoss Ground Weapons Level 2 (Chrono Boost)  
  101  8:30  Phoenix  
  103  8:38  Anion Pulse-Crystals  
  103  8:42  Phoenix  
  103  8:44  Pylon  
  105  8:52  Disruptor  
  108  8:58  Adept x3  
  108  8:59  Adept x2  
  118  9:04  Phoenix  
  120  9:15  Phoenix  
  116  9:21  Adept x2  
  120  9:26  Phoenix  
  122  9:31  Nexus, Adept x2  
  122  9:32  Adept x2  
  130  9:39  Pylon  
  130  9:40  Pylon  
  130  9:42  Pylon  
  130  9:47  Carrier x2  
  142  10:03  Adept x2  
  146  10:09  Photon Cannon  
  146  10:12  Warp Prism  
  137  10:26  Adept x2  
  103  10:36  Adept x5  
  103  10:47  Disruptor  
  106  10:57  Probe x2  
  107  11:00  Adept x6  
  107  11:01  Adept  
  116  11:06  Probe  
  116  11:10  Probe  
  130  11:29  Tempest x2  
  126  11:44  Assimilator  
  126  11:46  Adept x7  
  140  11:50  Assimilator  
  140  12:07  Tempest x2  
  146  12:23  Adept x5  
  146  12:24  Adept x2  
  146  12:27  Disruptor  
  157  12:38  Pylon x2  
  157  12:46  Protoss Ground Weapons Level 3  
  157  12:50  Adept x7  
  171  12:56  Tempest  
  171  12:59  Tempest  
  176  13:21  Adept x3  
  176  13:22  Adept x3  
  161  13:36  Adept  
  155  13:59  Pylon  
  155  14:02  Pylon x3  
  155  14:03  Pylon x2  
  155  14:05  Pylon  
  155  14:22  Carrier x2  
  115  14:31  Adept x6  
  115  14:32  Adept, Disruptor  
  122  14:59  Stalker x4  
  130  15:00  Stalker x3  
  136  15:08  Disruptor  
  139  15:24  Templar Archives  
  139  15:42  Void Ray x2  
  147  15:50  Adept x7  
  147  15:52  Disruptor  
  164  16:08  Nexus  
  164  16:10  Pylon  
  164  16:12  Pylon  
  164  16:15  High Templar x6  
  164  16:16  High Templar  
  178  16:19  Archon x3  
  178  16:31  Disruptor  
  181  16:39  Protoss Shields Level 1 (Chrono Boost)  
  181  16:53  High Templar x6  
  193  16:55  Zealot  
  193  16:57  Archon x3  
  92  17:23  Stalker x2  
  92  17:29  Immortal (Chrono Boost)  
  93  17:37  Stalker  
  93  17:38  Stalker x4  
  103  17:48  Adept x2  
  99  18:06  Tempest x2 (Chrono Boost)  
  99  18:12  Stalker x3  
Show
View Real Time Build Order
Export as new Build Order

Destiny Zerg - Winner!

Build Orders: 3 Hatch before Pool 

Get SALT Encoding   

  12  0:01  Drone  
  13  0:12  Overlord  
  13  0:17  Drone  
  14  0:30  Drone x2  
  16  0:37  Drone  
  17  0:52  Hatchery  
  17  0:55  Drone  
  17  1:00  Drone  
  18  1:18  Hatchery  
  17  1:20  Drone  
  17  1:23  Drone  
  19  1:28  Drone  
  20  1:39  Spawning Pool  
  19  1:42  Drone  
  20  1:51  Drone  
  21  1:59  Overlord  
  21  2:03  Drone  
  22  2:10  Drone  
  22  2:14  Drone  
  24  2:22  Drone  
  25  2:25  Drone  
  26  2:31  Queen  
  26  2:32  Queen  
  26  2:33  Queen  
  32  2:40  Drone  
  32  2:41  Drone  
  32  2:43  Drone  
  32  2:44  Drone  
  36  2:51  Zergling x4  
  38  2:54  Zergling x4, Extractor  
  38  2:55  Extractor  
  38  2:57  Drone  
  39  3:03  Drone  
  39  3:05  Drone  
  41  3:09  Overlord  
  41  3:19  Overlord  
  41  3:24  Drone  
  41  3:27  Queen  
  42  3:32  Drone x3  
  47  3:37  Drone x2, Overlord  
  49  3:41  Drone  
  49  3:47  Drone x3  
  53  3:50  Overlord, Extractor  
  53  3:51  Drone x3, Extractor  
  53  3:55  Metabolic Boost  
  54  4:04  Roach Warren  
  53  4:13  Drone  
  53  4:14  Drone x3  
  57  4:20  Drone x3  
  57  4:21  Lair  
  60  4:30  Zergling x2  
  60  4:31  Zergling x6  
  64  4:32  Drone x2  
  64  4:33  Drone  
  64  4:38  Overlord  
  67  4:48  Roach x3, Zergling x2  
  67  4:50  Overlord  
  67  4:52  Overlord  
  74  5:00  Extractor  
  74  5:01  Extractor  
  74  5:02  Roach x3, Zergling x6  
  74  5:03  Roach  
  74  5:06  Roach, Zergling x2  
  82  5:11  Roach, Zergling x4  
  78  5:22  Drone x4  
  77  5:29  Drone x2  
  77  5:30  Drone x2  
  80  5:37  Drone x2  
  80  5:40  Drone x2  
  83  5:43  Drone  
  80  5:50  Drone  
  80  5:53  Drone x2  
  83  6:00  Spire  
  83  6:01  Evolution Chamber, Drone  
  83  6:03  Drone  
  83  6:04  Evolution Chamber  
  83  6:07  Drone  
  83  6:16  Overlord  
  83  6:18  Drone x2  
  85  6:31  Overlord, Zerg Ground Armor Level 1, Zerg Melee Weapons Level 1  
  85  6:32  Overlord  
  85  6:37  Drone x2  
  85  6:38  Drone x5  
  92  6:48  Drone x2  
  92  6:49  Infestation Pit  
  93  6:57  Overlord  
  93  6:59  Overseer  
  93  7:00  Pneumatized Carapace  
  93  7:07  Hatchery  
  92  7:09  Zergling x10  
  92  7:12  Zerg Flyer Weapons Level 1  
  92  7:13  Mutalisk x6  
  109  7:17  Mutalisk x2  
  109  7:18  Mutalisk  
  115  7:26  Overlord  
  115  7:37  Drone x6  
  115  7:38  Drone x3  
  115  7:42  Overlord  
  115  7:43  Overlord  
  123  7:48  Hive  
  123  7:50  Pathogen Glands  
  119  7:52  Drone x2  
  119  7:56  Zergling x2  
  119  7:57  Zergling x8  
  125  8:01  Drone  
  126  8:09  Drone x2  
  126  8:10  Drone x3  
  131  8:14  Extractor  
  131  8:16  Overlord  
  130  8:22  Infestor x6  
  130  8:23  Infestor  
  143  8:35  Drone x3, Extractor  
  143  8:37  Drone x2  
  143  8:38  Drone  
  143  8:40  Zergling x8  
  152  8:42  Zerg Ground Armor Level 2, Zerg Melee Weapons Level 2  
  152  8:52  Overlord  
  152  8:53  Overlord  
  152  8:54  Overlord x2  
  152  9:02  Adrenal Glands  
  152  9:05  Zergling x14  
  152  9:06  Zergling x8  
  160  9:22  Zergling x22  
  169  9:29  Greater Spire  
  169  9:40  Neural Parasite  
  169  9:42  Infestor x3  
  169  9:45  Zergling x10  
  176  9:46  Zergling x10  
  176  9:49  Ravager x5  
  190  9:53  Overlord  
  189  10:04  Overlord  
  189  10:13  Extractor  
  188  10:15  Hatchery  
  188  10:18  Extractor  
  162  10:23  Zergling x6  
  162  10:24  Zergling x14  
  128  10:31  Corruptor x5  
  128  10:32  Corruptor x3  
  128  10:34  Zergling x10  
  135  10:47  Corruptor x3  
  135  10:48  Corruptor  
  130  10:51  Zergling x10  
  132  11:11  Zergling x18  
  129  11:14  Brood Lord x3  
  129  11:15  Brood Lord  
  129  11:16  Drone x3  
  129  11:17  Drone x3  
  151  11:22  Corruptor x2  
  151  11:25  Zergling x8  
  159  11:32  Overseer  
  159  11:38  Infestor x2  
  163  11:41  Zergling x24  
  175  12:00  Zergling x14  
  182  12:02  Zergling x14  
  189  12:09  Drone x4  
  189  12:10  Drone  
  190  12:22  Drone x2  
  187  12:27  Infestor x2  
  187  12:28  Infestor  
  187  12:29  Zerg Ground Armor Level 3, Zerg Melee Weapons Level 3  
  192  12:31  Ultralisk Cavern  
  191  12:37  Overlord  
  197  12:44  Brood Lord x3  
  196  13:05  Corruptor  
  196  13:06  Corruptor  
  183  13:25  Zergling x42  
  183  13:26  Zergling x20  
  168  13:36  Zergling x8  
  170  13:43  Corruptor x6  
  172  13:52  Corruptor  
  172  13:53  Corruptor x3  
  176  13:56  Zerg Flyer Weapons Level 2  
  164  14:11  Corruptor x2  
  164  14:14  Zergling x2  
  164  14:15  Zergling x12  
  169  14:22  Corruptor x2  
  160  14:26  Corruptor  
  146  14:42  Zergling x2  
  146  14:43  Zergling x22  
  141  14:47  Infestor x2  
  145  14:53  Infestor  
  145  14:54  Infestor x2  
  145  14:57  Infestor  
  145  14:58  Infestor  
  155  15:09  Chitinous Plating  
  155  15:13  Ultralisk  
  159  15:17  Ultralisk  
  160  15:26  Overseer  
  160  15:27  Overseer  
  160  15:31  Ultralisk  
  166  15:40  Ultralisk  
  174  15:48  Overseer  
  172  15:50  Brood Lord  
  172  15:52  Ultralisk  
  180  16:00  Ultralisk  
  185  16:07  Spore Crawler  
  185  16:08  Spine Crawler x2  
  182  16:12  Spine Crawler  
  182  16:15  Overlord  
  181  16:24  Overlord  
  181  16:27  Zerg Flyer Armor Level 1  
  181  16:40  Corruptor x2  
  181  16:41  Hatchery  
  182  16:54  Corruptor  
  182  16:55  Corruptor x2  
  164  17:10  Zergling x26  
  161  17:24  Zergling x20  
  171  17:32  Infestor x3  
  171  17:34  Infestor  
  179  17:45  Ultralisk  
  187  17:52  Brood Lord  
  187  17:53  Brood Lord  
  186  17:58  Spore Crawler  
  186  17:59  Spore Crawler  
  186  18:01  Spore Crawler  
  183  18:07  Infestor x2  
  183  18:08  Infestor x2  
  191  18:25  Corruptor x4  
  197  18:38  Brood Lord  
Tags
 
Add a new tag
Caveats
  • Supply blocks, unpowered buildings, or Contaminate may cause inaccurate times.
  • Supply counts are checked every 10 seconds.